[Event "32nd Pula Open 2018"]
[Site "Pula"]
[Date "2018.06.30"]
[Round "9"]
[White "Ostovic, Matija"]
[Black "Saric, Ante"]
[Result "0-1"]
[ECO "E14"]
[WhiteElo "2352"]
[BlackElo "2543"]
[Annotator "ChessBase"]
[PlyCount "132"]
[EventDate "2018.??.??"]
[EventCountry "CRO"]
[SourceTitle "playchess.com"]
[Source "ChessBase"]
[SourceQuality "1"]
[TimeControl "5400+30"]

1. d4 Nf6 2. c4 e6 3. Nf3 d5 4. e3 Be7 5. b3 O-O 6. Bd3 c5 7. O-O cxd4 8. exd4 Nc6 9. Bb2 b6 10. Nc3 Bb7 11. Re1 Nb4 12. Be2 Rc8 13. Ne5 dxc4 14. bxc4 Ne4 15. Nxe4 Bxe4 16. Bg4 Bc2 17. Qf3 f5 18. Bh5 Ba4 19. d5 exd5 20. Bf7+ Rxf7 21. Nxf7 Qf8 22. Qxf5 Re8 23. Nh6+ gxh6 24. Qg4+ Bg5 25. h4 Nd3 26. Rxe8 Bxe8 27. Bd4 Qf4 28. Qe2 Qxd4 29. Qxe8+ Kg7 30. Qd7+ Kf8 31. Qc8+ Ke7 32. Qc7+ Ke8 33. Qc6+ Kf7 34. Rf1 Bxh4 35. g3 Bf6 36. cxd5 Qe4 37. Qc2 Bd4 38. Rd1 Bxf2+ 39. Kf1 Be3 40. Qc7+ Kg6 41. Qd6+ Kh5 42. g4+ Kh4 43. Qh2+ Kxg4 44. Qg2+ Qxg2+ 45. Kxg2 Nf4+ 46. Kf1 Bc5 47. d6 Ne6 48. d7 Be7 49. Rd5 Kf4 50. a4 Ke4 51. Rd2 Ke5 52. a5 bxa5 53. Ra2 Bd8 54. Rh2 a4 55. Ke2 a3 56. Kd3 Kd6 57. Kc4 Kxd7 58. Kb3 Bg5 59. Kxa3 Ke7 60. Kb3 Kf6 61. Rf2+ Kg6 62. Ra2 Be3 63. Kc4 Bb6 64. Rg2+ Kf5 65. Rh2 Kg6 66. Rg2+ Ng5 0-1

[Event "32nd Pula Open 2018"]
[Site "Pula"]
[Date "2018.06.30"]
[Round "9"]
[White "Krsnik Cohar, Ivan Vihor"]
[Black "Horton, Andrew P"]
[Result "1/2-1/2"]
[ECO "A36"]
[WhiteElo "2309"]
[BlackElo "2407"]
[Annotator "ChessBase"]
[PlyCount "22"]
[EventDate "2018.??.??"]
[EventCountry "CRO"]
[SourceTitle "playchess.com"]
[Source "ChessBase"]
[SourceQuality "1"]
[TimeControl "5400+30"]

1. c4 c5 2. g3 g6 3. Bg2 Bg7 4. Nc3 Nc6 5. e3 e6 6. Nge2 Nge7 7. d4 cxd4 8. exd4 d5 9. cxd5 Nxd5 10. Nxd5 exd5 11. O-O O-O 1/2-1/2